monkhack, neutral male human Monk --- - |.. |..` |... |e. .. DXs H@X qHX 1 2 22 monkhack the Student of Stones Experience level: 12 Strength: 18/06 Dexterity: 14 Constitution: 15 Intelligence: 10 Wisdom: 13 Charisma: 9 Health: 0(74) Energy: 55(55) Def: 16 Gold: 0 Moves: 20180 Dungeon seed: uWFn7cdwCNUxFJSc Game ID: monkhack_1464577129 Your Inventory: Armor n - an uncursed +0 elven shield (being worn) q - an uncursed +1 elven leather helm (being worn) C - a blessed +1 robe (being worn) F - a blessed +2 pair of iron shoes (being worn) G - an uncursed +2 pair of leather gloves (being worn) Comestibles g - 2 uncursed lizard corpses i - an uncursed cockatrice corpse (weapon in hand) Rings W - an uncursed ring of polymorph control (on left hand) Wands j - an uncursed wand of teleportation (0:3) t - an uncursed wand of sleep (0:8) u - an uncursed wand of digging (0:7) U - an uncursed wand of fire (0:2) Tools d - an uncursed stethoscope k - an uncursed skeleton key s - an uncursed +0 unicorn horn y - an uncursed towel B - a blessed bag of holding I - an uncursed +0 unicorn horn Gems R - an uncursed luckstone Contents of the bag of holding: 11364 gold pieces an uncursed +0 elven dagger an uncursed +0 long sword 9 uncursed +0 shuriken an uncursed +0 elven cloak an uncursed +0 elven shield an uncursed +0 elven shield an uncursed +0 pair of elven boots an uncursed clove of garlic 4 uncursed food rations 10 uncursed fortune cookies 2 uncursed lizard corpses 5 uncursed oranges 2 uncursed sprigs of wolfsbane 2 uncursed scrolls of create monster an uncursed scroll of identify a cursed scroll of remove curse an uncursed scroll of teleportation a blessed scroll of water an uncursed spellbook of cure blindness a blessed potion of extra healing an uncursed potion of full healing an uncursed potion of gain ability an uncursed potion of gain level an uncursed ring of conflict a cursed -1 ring of gain strength an uncursed ring of levitation an uncursed ring of regeneration an uncursed ring of see invisible an uncursed ring of shock resistance an uncursed ring of teleport control an uncursed wand of digging (0:4) an uncursed wand of fire (0:4) an uncursed wand of sleep (0:8) an uncursed wand of sleep (0:5) an uncursed wand of sleep (0:2) an uncursed wand of slow monster (0:7) an uncursed wand of striking (0:7) an uncursed wand of teleportation (0:6) an uncursed wand of undead turning (0:6) an uncursed can of grease (0:12) an uncursed expensive camera (0:55) an uncursed magic marker (0:72) an uncursed +0 pick-axe an uncursed +0 unicorn horn an uncursed +0 unicorn horn an uncursed garnet stone an uncursed ruby 7 uncursed worthless pieces of red glass Spells and supernatural/magical abilities: Name Level Category Fail Memory a - force bolt 1 attack 59% 38% p - protection 1* clerical 59% 0% W - pray for help -- divine ? -- Your skills at the end: Miscellaneous Skills martial arts [Grand Master] wands [Basic] Weapon Skills Spellcasting Skills healing spells [Basic] Final Attributes: You were fervently aligned. You were fire resistant. You were sleep resistant. You were poison resistant. You were confused. You saw invisible. You were warned. You had automatic searching. You were stealthy. You were protected. You had polymorph control. You were fast. You were lucky. You had extra luck. Bad luck did not time out for you. Good luck did not time out for you. You are dead (2nd time!). Vanquished creatures: 3 orange dragons 11 baby red dragons 8 baby orange dragons a lurker above 2 ghosts 5 giant mimics an ogre king 2 rock trolls a flesh golem 2 large mimics 3 couatls a stalker an air elemental a giant mummy 2 xorns a giant zombie 2 elf-lords 2 wargs 7 small mimics a xan an ettin mummy a quantum mechanic 3 trolls a pyrolisk 3 shocking spheres a gargoyle a dwarf king 3 tengu a crocodile 3 leocrottas a mountain centaur a human mummy 2 pit vipers 2 wraiths an ettin zombie a leather golem a Grey-elf 2 soldiers 6 giant beetles 5 cockatrices 3 wolves a lynx a panther a gremlin 6 leprechauns 2 quivering blobs 4 lizards 2 mountain nymphs 2 mumakil 2 giant spiders an ice vortex 3 black lights 3 vampire bats a forest centaur a gnome king 2 orc mummies a dwarf mummy 2 ogres a brown pudding 5 owlbears a yeti a gold golem 2 werewolves 6 Green-elves 6 chickatrices a dog 3 dingos a jaguar 4 dwarf lords 3 blue jellies a water nymph 3 white unicorns 2 black unicorns 2 dust vortices 2 ravens 3 plains centaurs 2 gnome mummies a snake 2 human zombies a rope golem 3 Woodland-elves 3 soldier ants 2 fire ants 7 bugbears 2 imps a baby crocodile 14 Uruk-hai an orc shaman 2 rock moles 3 rock piercers 3 ponies a fog cloud 3 yellow lights 2 shriekers 2 violet fungi 20 gnome lords 9 gnomish wizards 2 gray oozes a barrow wight 5 elf zombies a ghoul a straw golem a paper golem 10 giant ants 5 floating eyes 21 dwarves 3 homunculi a kobold lord a kobold shaman 9 iguanas 24 hill orcs 10 rothes 2 rabid rats 2 giant bats a monkey 5 orc zombies 8 dwarf zombies 3 wererats a werejackal 9 killer bees 2 coyotes 4 gas spores 8 hobbits 2 acid blobs 3 large kobolds 8 geckos 10 hobgoblins 8 giant rats a cave spider 2 brown molds 5 yellow molds a green mold a red mold 71 gnomes 22 garter snakes 12 manes 2 gnome zombies 9 jackals 3 foxes a kobold 15 newts 3 goblins 7 sewer rats 6 grid bugs 2 bats 9 lichens a kobold zombie 610 creatures vanquished. Voluntary challenges: You were vegetarian. You had followed a strict vegan diet until turn 14427. You had been an atheist until turn 7249. You used a wielded weapon 1 time, starting on turn 2038. You read items or engraved 8 times, starting on turn 7071. You never genocided any monsters. You never polymorphed an object. You never changed form. You cheated 1 time but completed Sokoban on turn 4261. You used no wishes. You never split a pudding. You wrote Elbereth's name 3 times, starting on turn 7071. You violated your moral code, losing 4 points of alignment, starting on turn 4434. Dungeon overview: The Dungeons of Doom: levels 1 to 26 Level 1 a fountain, a sink a long staircase Level 2 Level 3 stairs to The Gnomish Mines Level 4 some fountains Level 5 a fountain Level 6 a sink Level 7 a fountain Level 8 Level 9 many fountains Level 10 some fountains stairs to Sokoban Level 11 a sink Level 12 a general store, some altars to Huan Ti, a fountain Level 13 a scroll shop Level 14 Level 15 a fountain Level 16 (quest) some fountains, some sinks a magic portal Level 17 Level 18 a fountain Level 19 (dragons) Level 20 a fountain, a throne Level 21 a fountain Level 22 Level 23 a fountain Level 24 (dragons) a fountain Level 25 Level 26 (yellow dragon, 3 xorn, minotaur, q, etc. (medusa)) <- You were here The Gnomish Mines: levels 4 to 12 Level 4 stairs to The Dungeons of Doom Level 5 Level 6 Level 7 (bought 2x (4pts)) many shops, a temple to Huan Ti, a magic chest, some fountains Level 8 Level 9 Level 10 Level 11 Level 12 a magic chest, a fountain Sokoban: levels 6 to 9 Level 6 a magic chest Level 7 a sink Level 8 Level 9 a magic chest stairs to The Dungeons of Doom History has recorded: On T:1 you entered the Dungeons of Doom to retrieve the Amulet of Yendor! On T:24 you reached level 2 of The Dungeons of Doom. On T:202 you advanced to experience level 2. On T:358 you reached level 3 of The Dungeons of Doom. On T:381 you advanced to experience level 3. On T:471 you reached level 1 of The Gnomish Mines. On T:505 you reached level 4 of The Dungeons of Doom. On T:761 you reached level 5 of The Dungeons of Doom. On T:903 you advanced to experience level 4. On T:1148 you reached level 6 of The Dungeons of Doom. On T:1258 you reached level 7 of The Dungeons of Doom. On T:1286 you reached level 8 of The Dungeons of Doom. On T:1768 you reached level 9 of The Dungeons of Doom. On T:1859 you reached level 10 of The Dungeons of Doom. On T:2102 you reached level 4 of Sokoban. On T:2133 you opened a magic chest. On T:2146 you advanced to experience level 5. On T:2429 you reached level 3 of Sokoban. On T:2924 you reached level 2 of Sokoban. On T:2997 you advanced to experience level 6. On T:3373 you reached level 1 of Sokoban. On T:3667 you advanced to experience level 7. On T:4261 you entered the Sokoban zoo. On T:4498 you opened a magic chest. On T:4504 you opened a magic chest. On T:4570 you opened a magic chest. On T:4573 you opened a magic chest. On T:4577 you opened a magic chest. On T:4717 you opened a magic chest. On T:4730 you opened a magic chest. On T:4730 you opened a magic chest. On T:4849 you reached level 11 of The Dungeons of Doom. On T:5466 you advanced to experience level 8. On T:6591 you reached level 2 of The Gnomish Mines. On T:6767 you reached level 3 of The Gnomish Mines. On T:6885 you reached level 5 of The Gnomish Mines. On T:7058 you reached level 6 of The Gnomish Mines. On T:7106 you reached level 4 of The Gnomish Mines. On T:7245 you entered the Minetown temple On T:7268 you opened a magic chest. On T:7272 you opened a magic chest. On T:7317 you opened a magic chest. On T:7318 you opened a magic chest. On T:7320 you opened a magic chest. On T:7321 you opened a magic chest. On T:7322 you opened a magic chest. On T:7323 you opened a magic chest. On T:7327 you advanced to experience level 9. On T:7340 you opened a magic chest. On T:7613 you opened a magic chest. On T:7613 you opened a magic chest. On T:7613 you opened a magic chest. On T:7615 you opened a magic chest. On T:7615 you opened a magic chest. On T:7620 you opened a magic chest. On T:7632 you opened a magic chest. On T:7638 you opened a magic chest. On T:7641 you opened a magic chest. On T:7641 you opened a magic chest. On T:7642 you opened a magic chest. On T:8002 you opened a magic chest. On T:8003 you opened a magic chest. On T:8004 you opened a magic chest. On T:8005 you opened a magic chest. On T:8018 you opened a magic chest. On T:8019 you opened a magic chest. On T:8019 you opened a magic chest. On T:8041 you opened a magic chest. On T:8052 you opened a magic chest. On T:8155 you opened a magic chest. On T:8156 you opened a magic chest. On T:8157 you opened a magic chest. On T:8166 you opened a magic chest. On T:8166 you opened a magic chest. On T:8238 you opened a magic chest. On T:8239 you opened a magic chest. On T:8550 you reached level 7 of The Gnomish Mines. On T:8848 you reached level 9 of The Gnomish Mines. On T:8848 you reached the bottom of the Mines. On T:9281 you opened a magic chest. On T:9766 you reached level 8 of The Gnomish Mines. On T:10437 you advanced to experience level 10. On T:10836 you opened a magic chest. On T:10838 you opened a magic chest. On T:10839 you opened a magic chest. On T:10895 you opened a magic chest. On T:10896 you opened a magic chest. On T:10897 you opened a magic chest. On T:10982 you opened a magic chest. On T:10983 you opened a magic chest. On T:11172 you opened a magic chest. On T:11180 you opened a magic chest. On T:12755 you opened a magic chest. On T:12755 you opened a magic chest. On T:12757 you opened a magic chest. On T:12759 you opened a magic chest. On T:12802 you opened a magic chest. On T:12802 you opened a magic chest. On T:12803 you opened a magic chest. On T:12803 you opened a magic chest. On T:12805 you opened a magic chest. On T:12807 you opened a magic chest. On T:12809 you opened a magic chest. On T:13337 you reached level 12 of The Dungeons of Doom. On T:13513 you reached level 13 of The Dungeons of Doom. On T:13776 you reached level 14 of The Dungeons of Doom. On T:13936 you reached level 15 of The Dungeons of Doom. On T:14302 you reached level 16 of The Dungeons of Doom. On T:14836 you reached level 17 of The Dungeons of Doom. On T:15233 you reached level 18 of The Dungeons of Doom. On T:15493 you reached level 19 of The Dungeons of Doom. On T:15638 you advanced to experience level 11. On T:15693 you reached level 20 of The Dungeons of Doom. On T:15801 you reached level 21 of The Dungeons of Doom. On T:15823 you reached level 22 of The Dungeons of Doom. On T:16135 you reached level 23 of The Dungeons of Doom. On T:16151 you reached level 24 of The Dungeons of Doom. On T:18453 you opened a magic chest. On T:18466 you opened a magic chest. On T:18467 you opened a magic chest. On T:18469 you opened a magic chest. On T:18469 you opened a magic chest. On T:18470 you opened a magic chest. On T:18484 you opened a magic chest. On T:18520 you opened a magic chest. On T:19591 you advanced to experience level 12. On T:19645 you reached level 25 of The Dungeons of Doom. On T:19849 you reached level 26 of The Dungeons of Doom. On T:20180 you were saved from death by your amulet of life saving! Score breakdown: Gold: 11364 ( 1136 points) Experience: 12 levels ( 1100 points) Exploration: 26 levels ( 750 points) Discoveries: 66 items ( 2000 points) Variety of kills: 147 monsters ( 2000 points) Major goal: Sokoban/Mines ( 1500 points) Survival: died (score multiplied by 3) Total score: 25458 Latest messages: The yellow dragon bites! The yellow dragon claws you! (2x) The umber hulk claws you! (2x) The umber hulk just misses! The umber hulk's gaze confuses you! The umber hulk claws you! You die... But wait... Your medallion begins to glow! You feel much better! The medallion crumbles to dust! You survived that attempt on your life. The umber hulk claws you! The umber hulk bites! The baluchitherium claws you! (2x) The umber hulk claws you! The umber hulk misses. The umber hulk bites! You are getting more and more confused. The giant spider bites! The minotaur punches you! (2x) You die... Final status: Goodbye monkhack the Monk, killed by a minotaur... You died in The Dungeons of Doom on dungeon level 26 with 25458 points, and 11364 pieces of gold, after 20180 moves. You were level 12 with a maximum of 74 hit points when you died.